 Dungeon Crawl Stone Soup version 0.24.0-5-g267a8d59f4 (webtiles) character file.

Game seed: 11264574755488912255, levelgen mode: deterministic

216 DavidChitty2 the Chucker (level 5, -3/50 HPs)
             Began as a Troll Hunter on Nov 1, 2019.
             Killed from afar by Ijyb (5 damage)
             ... with a bolt of acid
             ... on level 3 of the Dungeon.
             The game lasted 00:03:30 (2189 turns).

DavidChitty2 the Chucker (Troll Hunter)             Turns: 2189, Time: 00:03:30

Health: -3/50      AC:  7    Str: 21    XL:     5   Next: 61%
Magic:  4/4        EV:  9    Int:  7    God:
Gold:   122        SH:  0    Dex: 10    Spells: 4/4 levels left

rFire    . . .     SeeInvis .     - Unarmed
rCold    . . .     Gourm    +   (no shield)
rNeg     . . .     Faith    .   b - +0 robe
rPois    .         Spirit   .   (helmet restricted)
rElec    .         Reflect  .   n - +0 cloak
rCorr    .         Harm     .   (gloves unavailable)
MR       .....                  (boots unavailable)
Stlth    +.........             (no amulet)
HPRegen  0.56/turn              (no ring)
MPRegen  0.09/turn              (no ring)

@: heavily drained
A: large, unfitting armour, claws 3, fast metabolism 3, gourmand, regeneration
1, shaggy fur 1, tough skin 3
a: no special abilities


You were on level 3 of the Dungeon.
You were very full.

You visited 1 branch of the dungeon, and saw 3 of its levels.

You collected 122 gold pieces.

Inventory:

Armour
 b - a +0 robe (worn)
 n - a +0 cloak (worn)
   (You found it on level 2 of the Dungeon)
Scrolls
 a - a scroll of noise {unknown}
 f - 3 scrolls of teleportation {unknown}
 g - 3 scrolls of identify {unknown}
 i - a scroll of blinking {unknown}
 j - a scroll of remove curse {unknown}
 k - a scroll of enchant armour {unknown}
 l - a scroll of random uselessness {unknown}
 m - a scroll of immolation {unknown}
 o - a scroll of fear {unknown}
 t - a scroll of enchant weapon {unknown}
Potions
 h - a potion of resistance {unknown}
 p - a potion of magic {unknown}
 r - a potion of mutation {unknown}
 s - a potion of invisibility {unknown}
Comestibles
 e - 6 rations {!d}
 q - 11 chunks of flesh


   Skills:
 + Level 2.6(0.6) Fighting
 - Level 4.0(1.9) Throwing
 + Level 2.6(0.6) Dodging
 - Level 0.3(0.0) Stealth
 * Level 3.5(1.4) Unarmed Combat


You had 4 spell levels left.
You didn't know any spells.
Your spell library was empty.

Dungeon Overview and Level Annotations

Branches:
Dungeon (3/15)

Altars:

Annotations:
D:3 Ijyb


Innate Abilities, Weirdness & Mutations

You are too large for most types of armour.
You have claws for hands.
Your metabolism is lightning-fast.
You like to eat raw meat.
Your natural rate of healing is unusually fast.
You are covered in fur. (AC +1)
You have extremely tough skin. (AC +3)


Message History

Some of the chunks of flesh in your inventory have rotted away.
Throwing (i - inventory. (/) - cycle)
c - 4 large rocks (quivered)
Aim: Ijyb, wielding a +0 club, wearing a +0 leather armour of magic resistance and carrying a wand of acid (4)
You throw a large rock. The large rock closely misses Ijyb.
Throwing (i - inventory. (/) - cycle)
c - 3 large rocks (quivered)
Aim: Ijyb, wielding a +0 club, wearing a +0 leather armour of magic resistance and carrying a wand of acid (4)
You throw a large rock. The large rock closely misses Ijyb.
Ijyb hits you but does no damage.
Throwing (i - inventory. (/) - cycle)
c - 2 large rocks (quivered)
Aim: Ijyb, wielding a +0 club, wearing a +0 leather armour of magic resistance and carrying a wand of acid (4)
You throw a large rock. The large rock closely misses Ijyb.
Ijyb hits you with a +0 club. Ijyb barely misses you.
Throwing (i - inventory. (/) - cycle)
c - a large rock (quivered)
Aim: Ijyb, wielding a +0 club, wearing a +0 leather armour of magic resistance and carrying a wand of acid (4)
You throw a large rock. The large rock closely misses Ijyb.
Ijyb barely misses you. Ijyb hits you but does no damage.
You aren't carrying any items that you can evoke.
Unknown command.
Throwing (i - inventory)
d - 2 throwing nets (quivered)
{!f}
Aim: Ijyb, wielding a +0 club, wearing a +0 leather armour of magic resistance and carrying a wand of acid (4) Really fire
d - 2 throwing nets {!f}?
You throw a throwing net {!f}.
The throwing net {!f} barely misses Ijyb.
Ijyb closely misses you.
Throwing (i - inventory)
d - a throwing net (quivered)
{!f}
Aim: Ijyb, wielding a +0 club, wearing a +0 leather armour of magic resistance and carrying a wand of acid (4) Really fire
d - a throwing net {!f}?
Uppercase [Y]es or [N]o only, please.
Really fire
d - a throwing net {!f}?
Uppercase [Y]es or [N]o only, please.
Really fire
d - a throwing net {!f}?
You throw a throwing net {!f}.
The throwing net {!f} closely misses Ijyb.
Ijyb hits you but does no damage.
You scratch Ijyb.
Ijyb zaps a wand.
The bolt of acid hits you!
You are splashed with acid!
* * * LOW HITPOINT WARNING * * *
You claw Ijyb!
Ijyb zaps a wand.
The bolt of acid hits you!
* * * LOW HITPOINT WARNING * * *
You are splashed with acid!
* * * LOW HITPOINT WARNING * * *
You scratch Ijyb but do no damage. You scratch Ijyb. Ijyb barely misses you.
You barely miss Ijyb.
Ijyb zaps a wand.
The bolt of acid hits you.
You die...

#.# #g# #.# #.#
####
#####.#######
..#
#...#รท.......
#### #.#
#.....#.#####
...#
###.###(......#
##.#
#...@g.....(..#
#.#
#.#.######...##
#.# #.#.# ##.##
#.# #.###.#.#
#.# #.#
#.......# #.#
#.# #####.###
+# #.# #.# ##.#
#.## )..#
##..##


You could see Ijyb.

Vanquished Creatures
  3 orc wizards (D:3)
  6 adders
  2 worms
  A dart slug (D:1)
  2 leopard geckos (D:2)
  6 orcs
  A bat (D:3)
  7 giant cockroaches
  A goblin (D:2)
  6 hobgoblins
  9 jackals
  7 kobolds
  A quokka (D:3)
  4 frilled lizards
  6 rats
62 creatures vanquished.

Notes
Turn   | Place    | Note
-------+----------+-------------------------------------------
     0 | D:1      | DavidChitty2 the Troll Hunter began the quest for the Orb.
     0 | D:1      | Reached XP level 1. HP: 19/19 MP: 0/0
   360 | D:1      | Reached XP level 2. HP: 28/28 MP: 1/1
   372 | D:1      | Reached skill level 1 in Unarmed Combat
  1120 | D:2      | Reached XP level 3. HP: 35/35 MP: 2/2
  1396 | D:2      | Reached XP level 4. HP: 37/42 MP: 3/3
  1598 | D:2      | Reached skill level 4 in Throwing
  1810 | D:3      | Found a faded altar of an unknown god.
  1933 | D:3      | Reached XP level 5. HP: 45/50 MP: 4/4
  2161 | D:3      | Noticed Ijyb
  2186 | D:3      | HP: 1/50 [acid (8)]
  2189 | D:3      | Killed from afar by Ijyb

Levels and vault maps discovered:
D:1:      shiori_arrival_maze, layout_basic
D:2:      layout_rooms
D:3:      layout_loops_corners, nicolae_overflow_hidden_temple,
          chequers_ecumenical_altar_island, uniq_terence, uniq_ijyb

Skill      XL: |  1  2  3  4 |
---------------+-------------+-----
Unarmed Combat | 1 2 3 |  3.5
Fighting       | 2 |  2.6
Dodging        | 2 |  2.6
Throwing       | 4 |  4.0
Stealth        | |  0.3

Action                   |  1- 3 |  4- 6 || total
-------------------------+-------+-------++-------
Melee: Unarmed           |   128 |    98 ||   226
       Short sword       |     2 |       ||     2
       Punch             |       |     1 ||     1
Throw: Large rock        |       |     5 ||     5
       Throwing net      |       |     2 ||     2
  Eat: Chunk             |    15 |     7 ||    22
       Ration            |     1 |       ||     1
Armor: Robe              |    56 |    53 ||   109
Dodge: Dodged            |    65 |    60 ||   125
